Map: Purity and Industry LE

Players

thiccdicc - Winner!

  • Race: Zerg Zerg
  • Spawn Location: 12:00

VOD

Have the link to the VOD?

Description

Time

  • Played on: March 26, 2020, 10:26 a.m.
  • Length: 7:02
Show
View Real Time Build Order
Export as new Build Order

thiccdicc Zerg - Winner!

Build Orders:  

Get SALT Encoding   

  12  0:02  Drone  
  13  0:18  Overlord  
  13  0:32  Drone  
  14  0:45  Drone x2  
  16  1:01  Drone  
  17  1:15  Spawning Pool  
  16  1:21  Drone x2  
  18  1:43  Extractor  
  18  1:46  Drone  
  18  1:54  Hatchery  
  17  2:07  Drone  
  17  2:08  Drone  
  19  2:26  Drone  
  20  2:43  Queen  
  20  2:48  Overlord  
  22  2:55  Overlord  
  22  3:16  Zergling x2  
  23  3:23  Zergling x2  
  24  3:33  Queen  
  24  3:35  Queen  
  24  3:36  Drone  
  29  3:43  Zergling x2  
  30  3:52  Zergling x2  
  30  3:53  Zergling x2  
  32  4:10  Evolution Chamber  
  32  4:11  Drone  
  32  4:16  Zergling x2  
  33  4:20  Metabolic Boost  
  33  4:37  Zergling x4  
  33  4:38  Zergling x8  
  39  4:57  Zergling x4  
  41  5:17  Zergling x4  
  41  5:18  Zergling x2  
  44  5:21  Overlord x2  
  44  5:38  Overlord x2  
  43  5:55  Zergling x10  
  44  6:09  Zergling x2  
  45  6:17  Zergling x2  
Tags
 
Add a new tag
Caveats
  • Supply blocks, unpowered buildings, or Contaminate may cause inaccurate times.
  • Supply counts are checked every 10 seconds.